 Dungeon Crawl Stone Soup version bcrawl-1.20.1 (webtiles) character file.

Game seed: 8647324784986726155

69 MisterOstroum the Ducker (level 4, -2/31 HPs)
             Began as a Fairy Reaver on Jan 25, 2020.
             Incinerated by the wrath of Vehumet (4 damage)
             ... with a sticky flame
             ... on level 2 of the Dungeon.
             The game lasted 00:01:56 (1653 turns).

MisterOstroum the Ducker (Fairy Reaver)             Turns: 1653, Time: 00:01:56

Health: -2/31      AC:  4    Str:  9    XL:     4   Next: 20%
Magic:  10/10      EV: 17    Int: 18    God:
Gold:   94         SH:  0    Dex: 11    Spells: 8/8 levels left

rFire    . . .     SeeInvis .   a - +0 rapier
rCold    . . .     Gourm    .   (shield restricted)
rNeg     . . .     Faith    .   (armour unavailable)
rPois    .         Spirit   .   (no helmet)
rElec    .         Reflect  .   (no cloak)
rCorr    .         Harm     .   (no gloves)
MR       .....                  (no boots)
Stlth    ..........             (no amulet)
HPRegen  0.10/turn              (no ring)
MPRegen  0.12/turn              (no ring)

@: confused, liquid flames, flying evasively, glowing
A: small, magic attunement, unstealthy, unfitting armour, able to fly, AC/SH +4
a: Stop Flying


You were on level 2 of the Dungeon.
You were not hungry.

You visited 1 branch of the dungeon, and saw 2 of its levels.

You collected 94 gold pieces.

Inventory:

Hand Weapons
 a - a +0 rapier (weapon)
Missiles
 d - 4 stones (quivered)
 g - 267 sling bullets
 p - 113 tomahawks
Armour
 q - a +0 helmet
Scrolls
 c - 2 scrolls of immolation
 f - a scroll of teleportation {unknown}
 h - a scroll of magic mapping {unknown}
 i - a scroll of blinking {unknown}
 j - a scroll of noise {unknown}
 k - a scroll of identify {unknown}
 l - a scroll of remove curse {unknown}
Potions
 b - 3 potions of haste {@q4 !q}
 m - a potion of brilliance {unknown}
 n - a potion of agility {unknown}
 o - a potion of degeneration {unknown}
Comestibles
 e - 2 rations {!d}
 r - 8 chunks of flesh


   Skills:
 * Level 3.4 Fighting
 * Level 3.8 Short Blades
 + Level 4.6 Dodging
 - Level 2.9 Spellcasting


You had 8 spell levels left.
You didn't know any spells.
Your spell library contained the following spells:

 Spells                   Type           Power        Failure   Level  Hunger
 Iskenderun's Battlesphe  Conj/Chrm      #.......     99%         5    None


Dungeon Overview and Level Annotations

Branches:
Dungeon (2/12)

Altars:


Innate Abilities, Weirdness & Mutations

Your spells do not cause hunger and MP costs are reduced by 1.
Your bright wings attract enemies. (Stealth-)
You cannot fit into any form of body armour.
Your shimmering scales are hard and can block incoming attacks. (AC +4, SH +4)
You are small and have problems with some larger weapons.
You can fly continuously.


Message History

No target in view!
No target in view!
No target in view!
No target in view!
No target in view!
You butcher the goblin corpse.
r - 8 chunks of flesh (gained 1)
You see here a goblin skeleton. x2
A hobgoblin comes into view.
The hobgoblin shouts!
A hobgoblin is nearby!
The hobgoblin barely misses you.
You hit the hobgoblin.
You kill the hobgoblin!
No target in view!
No target in view!
No target in view!
No target in view!
No target in view!
No target in view!
No target in view!
No target in view!
No target in view!
No target in view!
No target in view!
No target in view!
A hobgoblin comes into view.
The hobgoblin shouts!
You hear a shout!
Found a potion of haste, a leather armour, 11 gold pieces and 191 arrows.
A hobgoblin is nearby!
A hobgoblin comes into view.
The hobgoblin shouts!
Found a potion of haste.
You block the hobgoblin's attack.
You see here a potion of haste {@q4 !q}.
You hit the hobgoblin.
You kill the hobgoblin!
You see here a leather armour.
You hit the hobgoblin.
The hobgoblin is lightly wounded.
The hobgoblin closely misses you.
You hit the hobgoblin but do no damage.
The hobgoblin is lightly wounded.
The hobgoblin closely misses you.
You closely miss the hobgoblin.
The hobgoblin is lightly wounded.
The hobgoblin completely misses you.
You barely miss the hobgoblin.
The hobgoblin is lightly wounded.
The hobgoblin barely misses you.
You hit the hobgoblin but do no damage.
The hobgoblin is lightly wounded.
The hobgoblin misses you.
You closely miss the hobgoblin.
The hobgoblin is lightly wounded.
The hobgoblin hits you.
You hit the hobgoblin.
You kill the hobgoblin!
No target in view!
b - 2 potions of haste {@q4 !q} (gained 1)
You butcher the hobgoblin corpse.
r - 11 chunks of flesh (gained 3)
You see here a hobgoblin skeleton. x2
You now have 94 gold pieces (gained 11).
You butcher the hobgoblin corpse.
r - 15 chunks of flesh (gained 4)
You see here a hobgoblin skeleton.
Vehumet rains destruction down upon you!
The sticky flame hits you!
You are covered in liquid flames!
You see here a hobgoblin skeleton.
You are on fire!
No target in view!
You are on fire!
You are on fire!
You are covered in liquid flames!
You are covered in liquid flames!
You see here a hobgoblin skeleton.
You are covered in liquid flames!
b - 3 potions of haste {@q4 !q} (gained 1) Eating one of 15 chunks of flesh.
You eat one of the 15 chunks of flesh.
This raw flesh tastes terrible.
Vehumet rains destruction down upon you!
The sticky flame hits you!
You are covered in liquid flames!
The divine experience confuses you!
You are confused.
You are on fire!
No path to travel!
You are on fire!
No path to travel!
You are covered in liquid flames!
You are covered in liquid flames!
* * * LOW HITPOINT WARNING * * *
You are covered in liquid flames!
* * * LOW HITPOINT WARNING * * *
Some of the chunks of flesh in your inventory have rotted away.
You are covered in liquid flames!
* * * LOW HITPOINT WARNING * * *
You are covered in liquid flames!
You die...

...#####
##.#.##
##...###
.....#
##.#(#.##
##..# .).###
##.#.#.#.##
##.# ...##
#.#..##.#.##
### ....##
##.#..##.#.##
.....##
##.#[÷##.#.##
..#.#.##
##.÷#.##.#.##
...#.#.##
##(.#.##÷#.##
..)##.#.##
##.@#.##.#.#
....##.#.##
#.#.##.#.##
###..##.#.##
#.#.##.#.## #
#..##.#.##.#
##.#.##
#..##.#.##
##.#.##
##.#.###.#.##
##.#.#.#.##
##.#)#.##
##.#.##


There were no monsters in sight!

Vanquished Creatures
  Robin (D:2)
  An ooze (D:2)
  3 leopard geckos
  A ball python (D:1)
  2 giant cockroaches
  10 goblins
  12 hobgoblins
  A jackal (D:2)
  4 kobolds
  A quokka (D:1)
  3 bats (D:1)
  2 frilled lizards (D:1)
  4 rats
45 creatures vanquished.

Notes
Turn   | Place    | Note
-------+----------+-------------------------------------------
     0 | D:1      | MisterOstroum the Fairy Reaver began the quest for the Orb.
     0 | D:1      | Reached XP level 1. HP: 15/15 MP: 6/6
   218 | D:1      | Reached XP level 2. HP: 14/20 MP: 7/7
   316 | D:1      | Fell from the grace of Vehumet
   697 | D:1      | Reached XP level 3. HP: 25/26 MP: 9/9
  1415 | D:2      | Noticed Robin
  1433 | D:2      | Killed Robin
  1433 | D:2      | Reached XP level 4. HP: 26/31 MP: 10/10
  1653 | D:2      | Incinerated by the wrath of Vehumet

Skill      XL: |  1  2 |
---------------+-------+-----
Fighting       | 3 |  3.4
Short Blades   | |  3.8
Dodging        | |  4.6
Spellcasting   | |  2.9

Action                   |  1- 3 |  4- 6 || total
-------------------------+-------+-------++-------
Melee: Rapier            |   135 |    12 ||   147
Invok: Renounce Religion |     1 |       ||     1
  Eat: Chunk             |     1 |     2 ||     3
Armor: Skin              |    16 |     1 ||    17
Dodge: Dodged            |   116 |     7 ||   123
Block: Other             |    13 |     1 ||    14
